Map: Lost and Found LE

Players

foxer

  • Race: Terran Terran
  • Spawn Location: 7:00

Rex - Winner!

  • Race: Zerg Zerg
  • Spawn Location: 1:00

Event: WCS Austin 2018

VOD

Have the link to the VOD?

Description

Time

  • Played on: June 1, 2018, 1:39 p.m.
  • Length: 17:34

All games in this series

Show
View Real Time Build Order
Export as new Build Order

foxer Terran 

Build Orders: Reaper Expand, Bio Tank 

Get SALT Encoding   

  12  0:00  SCV  
  13  0:12  SCV  
  14  0:16  Supply Depot  
  14  0:25  SCV  
  15  0:38  SCV  
  15  0:40  Barracks  
  16  0:44  Refinery  
  16  0:50  SCV  
  17  1:02  SCV  
  18  1:14  SCV  
  19  1:27  Orbital Command, Reaper  
  20  1:37  Command Center  
  20  1:48  Barracks  
  20  1:53  SCV  
  21  1:59  Barracks Reactor  
  21  2:05  SCV  
  21  2:08  Supply Depot  
  22  2:17  SCV  
  22  2:19  Refinery  
  23  2:31  Factory  
  23  2:33  SCV  
  24  2:37  Marine  
  24  2:38  Marine  
  24  2:39  Barracks Tech Lab  
  26  2:45  SCV  
  26  2:50  Orbital Command  
  27  2:57  Marine x2  
  30  3:00  Stimpack  
  30  3:03  SCV  
  30  3:05  Marine  
  31  3:15  Marine  
  31  3:17  SCV  
  31  3:18  SCV  
  34  3:23  Starport  
  34  3:25  Factory Reactor, Marine  
  35  3:28  Marine  
  35  3:30  SCV  
  36  3:34  SCV  
  36  3:36  Marine  
  36  3:39  Supply Depot  
  38  3:43  Marine  
  38  3:46  Marine  
  40  3:50  SCV x2  
  40  3:54  Marine  
  43  4:01  Marine  
  44  4:03  Engineering Bay, SCV  
  44  4:04  SCV  
  44  4:07  Marine  
  47  4:12  Medivac x2  
  47  4:16  Engineering Bay  
  50  4:18  SCV  
  50  4:23  Marine  
  52  4:24  Supply Depot  
  52  4:25  SCV  
  52  4:30  SCV  
  54  4:33  Supply Depot  
  54  4:38  Terran Infantry Weapons Level 1  
  54  4:42  Terran Infantry Armor Level 1  
  54  4:46  Widow Mine, SCV  
  54  4:47  Marine x2  
  54  4:48  SCV  
  60  4:58  SCV  
  60  4:59  Marine  
  62  5:04  Command Center  
  62  5:05  Medivac  
  62  5:07  SCV  
  65  5:09  Marine  
  65  5:10  SCV, Marine  
  68  5:16  Marine  
  68  5:18  Combat Shield  
  68  5:20  SCV  
  70  5:26  Barracks  
  70  5:29  Factory Reactor  
  70  5:31  Supply Depot  
  70  5:38  SCV  
  70  5:39  Marine  
  70  5:42  Marine x2  
  67  5:43  SCV  
  67  5:46  Barracks x2  
  68  5:50  SCV  
  68  5:52  Refinery  
  68  5:54  Refinery  
  68  5:56  Starport Reactor  
  68  5:57  Marine  
  69  5:59  Supply Depot  
  69  6:00  SCV  
  69  6:04  Armory  
  71  6:06  SCV  
  71  6:08  Marine  
  73  6:15  Marine x2  
  76  6:19  Orbital Command  
  76  6:21  Supply Depot  
  76  6:25  SCV, Marine  
  76  6:26  SCV  
  76  6:29  Factory Tech Lab  
  76  6:35  Marine  
  76  6:36  Marine  
  76  6:38  Barracks Reactor  
  76  6:40  Supply Depot  
  76  6:41  Marine x2  
  76  6:42  Orbital Command  
  76  6:45  SCV  
  79  6:49  Supply Depot  
  79  6:50  Marine x2  
  79  6:51  Medivac  
  83  6:55  Marine x3  
  83  6:59  Marine x2  
  83  7:00  Medivac  
  90  7:08  Marine x2  
  92  7:13  Marine x3  
  92  7:14  SCV x2  
  97  7:16  Terran Infantry Armor Level 2  
  97  7:17  Marine x2  
  99  7:23  Terran Infantry Weapons Level 2  
  99  7:24  Marine  
  99  7:26  SCV, Marine  
  99  7:29  SCV, Marine  
  104  7:30  SCV  
  104  7:35  Widow Mine  
  107  7:38  SCV, Terran Vehicle Weapons Level 1  
  108  7:44  Marine x2  
  110  7:53  Marine  
  110  7:55  SCV  
  110  7:56  Marine x3  
  110  7:57  Marine  
  110  7:58  Siege Tank  
  118  8:01  SCV x2  
  118  8:03  Factory  
  118  8:04  Marine x2  
  118  8:05  Supply Depot x2  
  122  8:09  Refinery, Supply Depot, SCV  
  122  8:12  Refinery  
  123  8:13  SCV  
  123  8:15  Marine  
  125  8:26  Marine x5, Medivac  
  125  8:27  SCV, Marine x3  
  133  8:28  Supply Depot  
  133  8:30  Siege Tank  
  133  8:33  Marine  
  130  8:44  Marine x4  
  130  8:48  Factory Tech Lab  
  133  8:49  SCV x2, Medivac  
  133  8:50  Command Center  
  137  8:56  Marine x2  
  137  8:59  Marine  
  137  9:02  Siege Tank, Marine x2  
  142  9:03  Marine x4  
  142  9:04  SCV, Medivac  
  142  9:05  SCV  
  142  9:07  Supply Depot  
  142  9:08  Siege Tank  
  155  9:10  Sensor Tower  
  155  9:14  Marine x2  
  157  9:29  Marauder, Marine x4, Medivac  
  157  9:31  Supply Depot  
  165  9:43  Marine  
  165  9:50  Marine  
  165  9:51  Barracks, Marine x2  
  165  9:52  Siege Tank x2, Barracks x2, Marine  
  172  9:54  Marauder, Marine x2  
  172  9:55  Marine  
  169  10:00  Medivac  
  169  10:01  Marine  
  165  10:08  Marine  
  165  10:09  Marine  
  165  10:11  Marine x3  
  170  10:16  Marauder, Marine x2  
  170  10:17  Terran Infantry Weapons Level 3  
  170  10:19  Marine  
  170  10:20  Terran Infantry Armor Level 3  
  174  10:24  Siege Tank x2  
  174  10:26  Medivac  
  178  10:31  Planetary Fortress  
  178  10:40  Marauder  
  178  10:41  Barracks Tech Lab x3  
  179  10:50  Sensor Tower  
  179  10:56  Siege Tank, Ghost Academy, Marine x2  
  184  10:59  Marine  
  184  11:01  Marauder  
  184  11:03  Marine  
  188  11:08  Marauder x2  
  188  11:09  Marauder  
  194  11:12  Refinery x2  
  194  11:16  Sensor Tower  
  194  11:23  Marauder, Marine x3  
  199  12:02  Marine  
  179  12:10  Marauder x4, Marine x2  
  179  12:15  Marine x2  
  179  12:16  Marine  
  179  12:17  Medivac  
  179  12:18  Medivac  
  179  12:20  Starport, Fusion Core, Command Center  
  179  12:21  Starport  
  184  12:26  Marine  
  185  12:31  Marauder x4  
  185  12:32  Barracks x2  
  121  12:51  Marine x2  
  121  12:52  Marauder, Marine  
  121  12:53  Marauder x3  
  121  12:55  Marine  
  123  12:59  Personal Cloaking  
  123  13:03  Marine x2  
  123  13:04  Marine x2  
  124  13:09  Marine  
  124  13:11  Concussive Shells  
  125  13:14  Marauder x4  
  133  13:21  Starport Reactor, Starport Tech Lab  
  133  13:25  Marine x5  
  133  13:26  Barracks Tech Lab  
  138  13:28  Barracks Tech Lab  
  138  13:34  Medivac  
  138  13:35  Marauder x3  
  138  13:36  Marauder  
  147  13:44  Liberator x2  
  147  13:45  Medivac x2  
  147  13:47  Marine  
  130  13:49  Marine x2  
  130  13:52  Marine  
  130  13:53  Siege Tank x2  
  115  13:56  Marine  
  115  13:57  Marauder  
  115  13:59  Marine  
  125  14:03  Marine  
  125  14:07  Command Center  
  125  14:09  Marine  
  126  14:10  Marine  
  126  14:11  Marine  
  126  14:13  Marine x2  
  131  14:19  Marauder  
  137  14:24  Marauder x2  
  137  14:25  Marauder, Siege Tank x2  
  145  14:33  Marine x2  
  145  14:35  Viking x2  
  151  14:39  Marine x2  
  151  14:41  Marine  
  151  14:45  Supply Depot, Marine  
  154  14:55  Marine x3  
  154  14:57  Viking  
  155  15:05  Medivac  
  155  15:07  Viking  
  159  15:11  SCV x2  
  161  15:17  Sensor Tower  
  161  15:31  Barracks Tech Lab  
  161  15:32  Barracks Tech Lab  
  161  15:34  Viking  
  145  15:40  Liberator x2  
  145  15:42  Marine  
  131  15:45  Marine  
  131  15:46  Marine x4  
  131  15:48  Marine  
  137  15:56  Marine x5  
  140  15:59  Marine  
  140  16:00  Marine  
  140  16:03  Marine  
  149  16:07  Marine  
  149  16:08  Marine  
  151  16:13  Marine x3  
  151  16:14  Medivac x2  
  140  16:27  Marine x2  
  140  16:28  Marine  
  140  16:29  Marine x2  
  140  16:32  Marine  
  98  16:35  Marine  
  98  16:36  Marine x3  
  98  16:39  Marine  
  82  16:45  Marine x2  
  82  16:46  Marine  
  81  16:47  Marine  
  81  16:48  Marine  
  81  16:50  Marine  
  81  16:53  Marine  
  81  16:54  Marine  
  82  16:56  Marine  
  82  16:57  Marine  
  79  17:02  Marine x2  
  79  17:04  Marine  
  79  17:05  Marine  
  79  17:07  Marine  
  79  17:08  Marine  
  72  17:14  Marine  
  79  17:15  Marine  
Show
View Real Time Build Order
Export as new Build Order

Rex Zerg - Winner!

Build Orders: Hatch First 

Get SALT Encoding   

  12  0:01  Drone  
  13  0:12  Overlord  
  13  0:17  Drone  
  14  0:30  Drone x2  
  16  0:35  Drone  
  17  0:52  Hatchery  
  17  0:55  Drone  
  17  0:58  Drone  
  18  1:05  Extractor  
  17  1:15  Spawning Pool  
  17  1:17  Drone  
  17  1:21  Drone  
  18  1:28  Drone  
  19  1:40  Overlord  
  19  1:49  Drone  
  20  2:01  Queen  
  20  2:03  Queen  
  20  2:04  Zergling x4  
  26  2:08  Metabolic Boost  
  26  2:11  Drone  
  26  2:15  Drone  
  28  2:22  Drone  
  29  2:28  Drone  
  30  2:37  Drone  
  30  2:38  Drone, Queen  
  30  2:40  Queen  
  36  2:46  Overlord  
  36  2:50  Overlord  
  36  3:04  Drone  
  36  3:05  Drone x2  
  39  3:11  Drone x6  
  45  3:26  Drone x2  
  47  3:29  Overlord  
  47  3:30  Overlord  
  47  3:36  Hatchery  
  46  3:42  Queen  
  46  3:43  Queen  
  50  4:01  Drone  
  50  4:02  Drone x8  
  58  4:06  Overlord  
  58  4:12  Drone  
  59  4:21  Queen x2  
  59  4:24  Extractor  
  62  4:26  Overlord, Evolution Chamber  
  62  4:27  Evolution Chamber  
  62  4:28  Zergling x12  
  62  4:30  Zergling x2  
  66  4:34  Zergling x2  
  67  4:40  Overlord  
  67  4:41  Zergling x2  
  68  4:50  Zergling x2  
  68  4:51  Zergling x2  
  70  4:53  Zergling x2  
  70  4:54  Zergling x12  
  70  4:56  Zerg Ground Armor Level 1  
  77  5:01  Zerg Melee Weapons Level 1  
  77  5:04  Drone  
  77  5:05  Baneling Nest  
  77  5:09  Zergling x2  
  77  5:10  Zergling x4  
  80  5:17  Drone  
  80  5:18  Drone  
  83  5:21  Drone  
  83  5:25  Drone x2  
  83  5:26  Lair  
  83  5:27  Drone  
  83  5:28  Drone x4  
  87  5:42  Drone x4  
  85  5:43  Drone x2  
  85  5:49  Drone  
  88  5:52  Drone x4  
  88  5:54  Extractor, Drone  
  88  5:56  Drone  
  93  5:57  Extractor, Drone x2  
  93  6:00  Baneling  
  93  6:01  Baneling x5, Hatchery  
  93  6:02  Zergling x2  
  93  6:03  Zergling x2  
  95  6:11  Zergling x2  
  95  6:12  Zergling x2  
  95  6:14  Extractor  
  95  6:15  Drone  
  95  6:18  Hatchery  
  96  6:19  Drone  
  96  6:24  Overlord, Spore Crawler, Zergling x2  
  96  6:25  Overlord x3  
  97  6:26  Spore Crawler  
  92  6:37  Zergling x2  
  92  6:38  Zergling x12  
  92  6:39  Overlord  
  97  6:43  Overlord x2  
  97  6:50  Centrifical Hooks  
  97  6:52  Hydralisk Den  
  96  6:55  Zergling x6  
  96  6:56  Zergling x6  
  96  6:57  Baneling  
  96  6:58  Baneling x6  
  102  7:05  Zergling x4  
  102  7:06  Zergling x6  
  105  7:17  Zerg Ground Armor Level 2  
  105  7:19  Zerg Melee Weapons Level 2  
  105  7:21  Drone x6  
  105  7:22  Drone  
  112  7:32  Muscular Augments  
  112  7:36  Zergling x14  
  119  7:43  Zergling x2  
  119  7:44  Zergling x4  
  122  7:46  Drone  
  122  7:47  Drone  
  121  7:57  Spore Crawler, Drone  
  120  8:00  Overlord  
  120  8:05  Hydralisk x11  
  142  8:20  Infestation Pit, Drone x10  
  142  8:22  Drone x2  
  142  8:24  Extractor  
  147  8:43  Grooved Spines  
  146  8:49  Hydralisk x8  
  146  8:50  Zergling x6  
  164  8:58  Overlord x2  
  164  8:59  Overlord x5  
  158  9:09  Hive  
  158  9:28  Hydralisk  
  158  9:29  Hydralisk x7  
  158  9:30  Zergling x14  
  181  9:37  Hatchery  
  180  9:43  Overlord x2  
  180  9:47  Overlord x2  
  180  9:50  Overlord, Extractor, Drone x4  
  182  9:59  Zergling x2  
  182  10:00  Zergling x18  
  189  10:20  Baneling  
  189  10:21  Baneling x3  
  189  10:26  Zergling x20  
  199  10:31  Overlord x2  
  199  10:37  Baneling x19  
  199  10:38  Baneling x7  
  199  10:40  Zerg Ground Armor Level 3  
  199  10:43  Extractor  
  196  10:51  Spire  
  196  10:52  Drone x2  
  196  10:53  Spore Crawler, Drone  
  196  10:54  Spine Crawler  
  196  10:56  Overlord  
  196  11:00  Overlord  
  196  11:01  Overlord  
  196  11:08  Hatchery  
  195  11:12  Queen  
  195  11:13  Overlord, Queen  
  199  11:37  Baneling x17  
  199  11:38  Baneling x2  
  199  11:50  Overseer  
  170  12:11  Zergling x26  
  170  12:12  Zergling x12  
  170  12:13  Zergling x2  
  170  12:14  Zergling x22, Hydralisk  
  169  12:20  Greater Spire  
  169  12:25  Baneling x3  
  169  12:26  Baneling x2  
  169  12:27  Hydralisk x6  
  169  12:28  Zergling x8  
  161  12:48  Hydralisk  
  161  12:49  Zergling x2, Hydralisk x8  
  161  12:50  Zergling x14  
  145  13:09  Hydralisk  
  145  13:10  Hydralisk x8  
  145  13:11  Zergling x6  
  145  13:12  Baneling x4  
  158  13:14  Drone x4  
  158  13:17  Baneling x6  
  158  13:19  Hydralisk x3  
  168  13:28  Viper x3  
  168  13:31  Zergling x6  
  168  13:32  Zergling x2  
  181  13:38  Zerg Flyer Weapons Level 1  
  167  13:51  Hydralisk x11  
  167  13:52  Zergling x2, Hydralisk  
  167  13:53  Zergling x10  
  183  14:03  Baneling x3  
  183  14:07  Zergling x22  
  194  14:11  Baneling x12  
  194  14:13  Pneumatized Carapace  
  193  14:26  Corruptor x3  
  193  14:30  Adrenal Glands  
  196  14:56  Corruptor x2  
  199  15:24  Baneling x5  
  199  15:25  Baneling x5  
  199  15:26  Baneling x2  
  179  15:43  Viper  
  179  15:44  Viper  
  179  15:46  Brood Lord x4  
  179  15:48  Zergling x18  
  179  15:49  Zergling x4  
  200  15:53  Spore Crawler  
  200  15:55  Spine Crawler  
  196  15:58  Zergling x8  
  200  16:23  Unknown  
  191  16:28  Zergling x20  
  191  16:29  Extractor, Zergling x26  
  191  16:30  Extractor  
  171  16:44  Zergling x10  
  171  16:45  Zergling x14  
  178  16:57  Zergling x10  
  178  16:58  Zergling x14  
  187  17:04  Extractor  
  173  17:13  Hatchery  
Tags
 
Add a new tag
Caveats
  • Supply blocks, unpowered buildings, or Contaminate may cause inaccurate times.
  • Supply counts are checked every 10 seconds.